 Dungeon Crawl Stone Soup version 0.26.0-16-gc1dbca0489 (webtiles) character file.

Game seed: 10706030963829187741

21 EnegeticOcto the Vexing (level 2, 0/16 HPs)
             Began as a Vine Stalker Arcane Marksman on Jan 19, 2021.
             Slain by a jackal (1 damage)
             ... on level 1 of the Dungeon.
             The game lasted 00:00:21 (207 turns).

EnegeticOcto the Vexing (VSAM)                       Turns: 207, Time: 00:00:22

Health: 0/16       AC:  2    Str: 12    XL:     2   Next: 83%
Magic:  0/4        EV: 12    Int: 13    God:
Gold:   54         SH:  0    Dex: 14    Spells: 2/3 levels left

rFire    . . .     SeeInvis .   a - +0 hunting sling
rCold    . . .     Faith    .   (no shield)
rNeg     . . .     Spirit   +   e - +0 robe
rPois    .         Reflect  .   (no helmet)
rElec    .         Harm     .   (no cloak)
rCorr    .         Rampage  .   (no gloves)
Will     .....                  (no boots)
Stlth    +.........             (no amulet)
HPRegen  0.05/turn              (no ring)
MPRegen  0.09/turn              (no ring)

@: no status effects
A: fangs 2, magic shield, antimagic bite, no potion heal 3
a: no special abilities


You were on level 1 of the Dungeon.
You visited 1 branch of the dungeon, and saw 1 of its levels.

You collected 54 gold pieces.

Inventory:

Hand Weapons
 a - a +0 hunting sling (weapon)
Missiles
 g - 33 stones (quivered ammo)
Armour
 e - a +0 robe (worn)
Jewellery
 h - a +4 ring of evasion {unknown}
   (You found it on level 1 of the Dungeon)
Scrolls
 b - 2 scrolls of identify {unknown}
 c - a scroll of fog {unknown}
 f - a scroll of magic mapping {unknown}
 i - a scroll of teleportation {unknown}


   Skills:
 + Level 2.4 Fighting
 - Level 1.7 Slings
 - Level 1.5 Dodging
 - Level 1.1 Spellcasting
 - Level 3.0 Hexes


You had 2 spell levels left.
You knew the following spells:

 Your Spells              Type           Power        Failure   Level
a - Corona                Hex            8%           9%          1

Your spell library contained the following spells:

 Spells                   Type           Power        Failure   Level
 Slow                     Hex            8%           12%         2
 Inner Flame              Hex/Fire       4%           41%         3
 Portal Projectile        Hex/Tloc       8%           41%         3
 Cause Fear               Hex            4%           63%         4
 Leda's Liquefaction      Hex/Erth       2%           83%         4


Dungeon Overview and Level Annotations

Branches:
Dungeon (1/15)

Altars:


Innate Abilities, Weirdness & Mutations

You have extremely sharp teeth.
When hurt, damage is shared between your health and your magic reserves.
Your bite disrupts and absorbs the magic of your enemies.
Potions cannot restore your health.


Message History

The bat hits you but does no damage. The jackal misses you.
The jackal barely misses you.
Fire: 7 sling bullets
Press: ? - help, Q - select action, (/) - cycle Shift-Dir - straight line, f/p - bat
Aim: a bat You shoot a sling bullet.
The sling bullet barely misses the jackal.
The sling bullet hits the hobgoblin.
The hobgoblin is heavily wounded.
The jackal barely misses you.
The jackal bites you but does no damage.
Fire: 6 sling bullets
Press: ? - help, Q - select action, (/) - cycle Shift-Dir - straight line, f/p - bat
Aim: a bat You shoot a sling bullet.
The sling bullet hits the jackal!
You kill the jackal!
The giant cockroach waves its antennae.
Fire: 5 sling bullets
Press: ? - help, Q - select action, (/) - cycle Shift-Dir - straight line, f/p - bat
Aim: a bat You shoot a sling bullet.
The sling bullet hits the hobgoblin but does no damage.
The hobgoblin is heavily wounded.
The hobgoblin hits you.
Fire: 4 sling bullets
Press: ? - help, Q - select action, (/) - cycle Shift-Dir - straight line, f/p - bat
Aim: a bat You shoot a sling bullet.
The sling bullet hits the hobgoblin.
The hobgoblin is almost dead.
The hobgoblin hits you.
* * * LOW HITPOINT WARNING * * *
Fire: 3 sling bullets
Press: ? - help, Q - select action, (/) - cycle Shift-Dir - straight line, f/p - bat
Aim: a bat You shoot a sling bullet.
The sling bullet hits the hobgoblin!
You kill the hobgoblin!
The jackal misses you.
Fire: 2 sling bullets
Press: ? - help, Q - select action, (/) - cycle Shift-Dir - straight line, f/p - bat
Aim: a bat You shoot a sling bullet.
The sling bullet completely misses the jackal.
The sling bullet hits the bat.
You kill the bat!
The jackal bites you but does no damage.
The jackal closely misses you.
Fire: sling bullet
Press: ? - help, Q - select action, (/) - cycle Shift-Dir - straight line, f - jackal
Aim: a jackal You shoot a sling bullet.
The sling bullet barely misses the jackal.
The sling bullet hits the giant cockroach.
The giant cockroach is heavily wounded.
The jackal closely misses you. (Key replay stole keys) No previous command to re-do.
No previous command to re-do.
Fire: 39 stones
Press: ? - help, Q - select action, (/) - cycle Shift-Dir - straight line, f/p - jackal
Aim: a jackal You shoot a stone.
The stone closely misses the jackal.
The stone hits the giant cockroach.
You kill the giant cockroach!
The jackal bites you but does no damage.
The jackal bites you.
* * * LOW HITPOINT WARNING * * *
Fire: 38 stones
Press: ? - help, Q - select action, (/) - cycle Shift-Dir - straight line, f/p - jackal
Aim: a jackal You shoot a stone.
The stone closely misses the jackal.
The stone hits the jackal.
The jackal is severely wounded.
The jackal bites you.
* * * LOW HITPOINT WARNING * * *
Fire: 37 stones
Press: ? - help, Q - select action, (/) - cycle Shift-Dir - straight line, f/p - jackal
Aim: a jackal You shoot a stone.
The stone barely misses the jackal. x2
The jackal barely misses you. The jackal closely misses you.
Fire: 36 stones
Press: ? - help, Q - select action, (/) - cycle Shift-Dir - straight line, f/p - jackal
Aim: a jackal You shoot a stone.
The stone barely misses the jackal.
The stone hits the jackal.
You kill the jackal!
The jackal barely misses you. The jackal bites you.
* * * LOW HITPOINT WARNING * * *
Fire: 35 stones
Press: ? - help, Q - select action, (/) - cycle Shift-Dir - straight line, f/p - jackal
Aim: a jackal You shoot a stone.
The stone hits the jackal.
The jackal is heavily wounded.
The jackal bites you.
Fire: 34 stones
Press: ? - help, Q - select action, (/) - cycle Shift-Dir - straight line, f/p - jackal
Aim: a jackal (heavily wounded)
You shoot a stone. The stone closely misses the jackal.
The jackal bites you.
You die...

.# ######### .#
#.......# .#
#.......#
.#########.[.....###
.....)............>#
.######.##.......#.#
.# #.##.......#.# .#
#.##########.# .#
#.##(...(h@..# )#
#.#(..######## .#
#.#.B.# .#
......((h# ..
.(.#.#(..# .... ..
..(.# ...### .....#
...# ......#
......##


You could see a jackal.

Vanquished Creatures
  A dart slug (D:1)
  A leopard gecko (D:1)
  2 giant cockroaches (D:1)
  4 hobgoblins (D:1)
  2 jackals (D:1)
  4 bats (D:1)
  A kobold (D:1)
  A rat (D:1)
16 creatures vanquished.

Notes
Turn   | Place    | Note
-------+----------+-------------------------------------------
     0 | D:1      | EnegeticOcto the Vine Stalker Arcane Marksman began the
                  | quest for the Orb.
     0 | D:1      | Reached XP level 1. HP: 9/9 MP: 3/3
    20 | D:1      | Reached skill level 1 in Fighting
    91 | D:1      | Reached XP level 2. HP: 15/15 MP: 4/4
   134 | D:1      | Reached skill level 2 in Fighting
   207 | D:1      | Slain by a jackal

Illustrated notes

Levels and vault maps discovered:
D:1:      lightli_arrival_noodles, layout_basic

Skill      XL: |  1  2 |
---------------+-------+-----
Fighting       | 1 2 |  2.4
Slings         | |  1.7
Dodging        | |  1.5
Spellcasting   | |  1.1
Hexes          | |  3.0

Action                   || total
-------------------------++-------
 Fire: Hunting sling     ||    42
Armor: Robe              ||     8
Dodge: Dodged            ||    21
